 Dungeon Crawl Stone Soup version 0.26.0-16-gc1dbca0489 (webtiles) character file.

Game seed: 10949698876220739481

3063 vvl the Chopper (level 9, 0/75 HPs)
             Began as a Ghoul Fighter on Jan 22, 2021.
             Slain by a water moccasin (3 damage)
             ... on level 8 of the Dungeon.
             The game lasted 00:15:14 (7140 turns).

vvl the Chopper (Ghoul Fighter)                     Turns: 7140, Time: 00:15:14

Health: 0/75       AC: 14    Str: 22      XL:     9   Next: 88%
Magic:  8/8        EV: 19    Int:  4      God:
Gold:   332        SH:  9    Dex:  6 (8)  Spells: 8/8 levels left

rFire    . . .     SeeInvis .   a - +0 war axe
rCold    + . .     Faith    .   c - +0 kite shield
rNeg     + + +     Spirit   .   z - +0 plate armour
rPois    ∞         Reflect  .   y - +0 helmet
rElec    .         Harm     .   q - scarf {shadows}
rCorr    .         Rampage  .   L - +0 pair of gloves
Will     .....                  (no boots)
Stlth    ..........             N - amulet of the acrobat
HPRegen  0.00/turn              (no ring)
MPRegen  0.11/turn              (no ring)

@: acrobat
A: claws 1, cold resistance 1, negative energy resistance 3, inhibited
regeneration, torment resistance, unbreathing
a: no special abilities


You were on level 8 of the Dungeon.
You visited 2 branches of the dungeon, and saw 9 of its levels.

You collected 332 gold pieces.

Inventory:

Hand Weapons
 a - a +0 war axe (weapon)
Missiles
 C - 4 throwing nets (quivered)
Armour
 c - a +0 kite shield (worn)
 q - a scarf of shadows (worn)
 y - a +0 helmet (worn)
 z - a +0 plate armour (worn)
 L - a +0 pair of gloves (worn)
Jewellery
 u - an uncursed ring of fire
 N - an amulet of the acrobat (around neck)
Wands
 v - a wand of enslavement (7)
 E - a wand of disintegration (16)
 F - a wand of polymorph (8)
 G - a wand of flame (14)
 H - a wand of iceblast (4)
Scrolls
 h - 11 scrolls of remove curse {unknown}
 i - 3 scrolls of enchant armour {unknown}
 j - 2 scrolls of fog {unknown}
 k - 6 scrolls of identify {unknown}
 l - 3 scrolls of blinking {unknown}
 p - 3 scrolls of teleportation {unknown}
 r - 2 scrolls of noise {unknown}
 t - 3 scrolls of enchant weapon {unknown}
 x - a scroll of fear {unknown}
 A - a scroll of random uselessness {unknown}
 B - a scroll of magic mapping {unknown}
 D - a scroll of amnesia {unknown}
 M - a scroll of immolation {unknown}
Potions
 d - 3 potions of might
 e - 3 potions of lignification {unknown}
 f - 2 potions of attraction {unknown}
 g - 2 potions of mutation {unknown}
 m - 3 potions of curing {unknown}
 n - a potion of flight {unknown}
 o - a potion of berserk rage {unknown}
 s - a potion of magic {unknown}
 w - a potion of cancellation {unknown}
 J - a potion of ambrosia {unknown}
 K - a potion of haste {unknown}


   Skills:
 + Level 6.1 Fighting
 * Level 6.4 Axes
 + Level 5.0 Armour
 + Level 5.1 Shields
 + Level 4.5 Necromancy
 + Level 4.9 Earth Magic
 + Level 4.0 Evocations


You had 8 spell levels left.
You didn't know any spells.
Your spell library contained the following spells:

 Spells                   Type           Power        Failure   Level
 Magic Dart               Conj           0%           100%        1
 Blink                    Tloc           N/A          100%        2
 Call Imp                 Summ           0%           100%        2
 Slow                     Hex            0%           100%        2
 Conjure Flame            Conj/Fire      0%           100%        3
 Mephitic Cloud           Conj/Pois/Air  0%           100%        3


Dungeon Overview and Level Annotations

Branches:
Dungeon (8/15)             Temple (1/1) D:4
   Lair: D:8-11

Altars:
Ashenzari
Cheibriados
Dithmenos
Elyvilon
Fedhas
Gozag
Hepliaklqana
Makhleb
Nemelex Xobeh
Okawaru
Qazlal
Ru
Sif Muna
Trog
Uskayaw
Vehumet
Wu Jian
Xom
Yredelemnul
Zin
The Shining One

Shops:
D:5 [


Innate Abilities, Weirdness & Mutations

You thrive by killing the living.
You are immune to poison.
You have sharp fingernails.
Your flesh is cold resistant. (rC+)
You are immune to negative energy. (rN+++)
You do not regenerate when monsters are visible.
You are immune to unholy pain and torment.
You can survive without breathing.


Message History

* * * LOW HITPOINT WARNING * * *
You block the yak's attack.
You hit the yak.
The yak is moderately wounded.
You closely miss the water moccasin.
The water moccasin bites you but does no damage. x2
You block the yak's attack.
You closely miss the yak.
The yak is moderately wounded.
You closely miss the water moccasin. The water moccasin bites you.
* * * LOW HITPOINT WARNING * * *
The yak gores you.
* * * LOW HITPOINT WARNING * * *
You block the water moccasin's attack. The yak gores you!
* * * LOW HITPOINT WARNING * * *
The water moccasin barely misses you.
You see here a scroll labelled ETIOKK HUZANYL.
The yak snorts and paws the ground.
The water moccasin bites you.
You die... #..# .PP

##.# .... # #.## ...P
#.####### ##.# ♣....
#.......## #.## ....†#
###.....###..#
....lS####.......###.#
#Ys?..........##.##
###Y.S@........#..#####
##...................
##............######
##...........#
##.........##
##........# ##......#
###...##


You could see 2 yaks, 2 water moccasins, a wyvern and a scorpion.

Vanquished Creatures
  2 yaks (D:8)
  A basilisk (D:8)
  A wyvern (D:8)
  3 water moccasins
  A black bear (D:8)
  An ice beast (D:7)
  An ogre (D:5)
  2 orc warriors
  3 centaurs
  3 necrophages (D:6)
  A bullfrog (D:4)
  A scorpion (D:6)
  4 killer bees (D:6)
  3 hounds
  A quasit (D:7)
  4 orc priests
  Crazy Yiuf (D:7)
  A jelly (D:7)
  2 bullfrog skeletons
  Natasha (thrice) (D:3)
  4 orc wizards
  5 worker ants
  2 hound skeletons
  A howler monkey skeleton (D:5)
  A worker ant zombie (D:5)
  7 adders
  2 river rats (D:5)
  A shadow imp (D:5)
  A white imp (D:7)
  3 oozes
  An adder skeleton (D:7)
  5 worms
  4 dart slugs
  5 leopard geckos
  14 orcs
  9 giant cockroaches
  7 goblins
  3 hobgoblins
  3 jackals (D:2)
  7 kobolds
  11 bats
  7 frilled lizards
  8 rats
150 creatures vanquished.

Vanquished Creatures (others)
  An orc wizard (D:4)
  3 bushes (D:6)
  A fungus (D:8)
  19 plants
24 creatures vanquished.

Grand Total: 174 creatures vanquished

Notes
Turn   | Place    | Note
-------+----------+-------------------------------------------
     0 | D:1      | vvl the Ghoul Fighter began the quest for the Orb.
     0 | D:1      | Reached XP level 1. HP: 19/19 MP: 0/0
    86 | D:1      | Reached XP level 2. HP: 21/26 MP: 1/1
   280 | D:1      | Found a snail-covered altar of Cheibriados.
   358 | D:1      | Reached XP level 3. HP: 31/31 MP: 2/2
  1078 | D:2      | Reached skill level 1 in Necromancy
  1444 | D:2      | Reached XP level 4. HP: 38/38 MP: 3/3
  1936 | D:3      | Noticed Natasha
  1941 | D:3      | Killed Natasha
  2047 | D:3      | Reached skill level 1 in Evocations
  2253 | D:3      | Found a white marble altar of Elyvilon.
  2386 | D:3      | Reached skill level 1 in Earth Magic
  2647 | D:3      | Noticed Natasha
  2656 | D:3      | Killed Natasha
  2657 | D:3      | Reached XP level 5. HP: 43/46 MP: 4/4
  2857 | D:3      | Noticed Natasha
  2866 | D:3      | Killed Natasha
  2948 | D:4      | Found a staircase to the Ecumenical Temple.
  3003 | Temple   | Entered the Ecumenical Temple
  3120 | D:4      | Reached XP level 6. HP: 12/52 MP: 5/5
  3125 | D:4      | HP: 1/52 [bullfrog skeleton (4)]
  3242 | D:4      | Found a shimmering altar of Xom.
  3542 | D:4      | Found an opulent altar of Gozag.
  3549 | D:4      | Reached XP level 7. HP: 55/59 MP: 6/6
  3719 | D:5      | Entered Level 5 of the Dungeon
  3783 | D:5      | Found a shadowy altar of Dithmenos.
  3873 | D:5      | Found a burning altar of Makhleb.
  3960 | D:5      | Found Othadd's Armour Shoppe.
  4265 | D:5      | Reached XP level 8. HP: 67/67 MP: 7/7
  4960 | D:6      | Found a blossoming altar of Fedhas.
  5110 | D:6      | Found a stormy altar of Qazlal.
  5147 | D:6      | Reached skill level 5 in Fighting
  5155 | D:6      | Reached skill level 5 in Axes
  5357 | D:6      | Found a glowing silver altar of Zin.
  5676 | D:6      | Reached XP level 9. HP: 60/74 MP: 8/8
  6178 | D:7      | Found a sacrificial altar of Ru.
  6517 | D:7      | Found a runed translucent door.
  6518 | D:7      | Noticed Crazy Yiuf
  6525 | D:7      | Killed Crazy Yiuf
  7125 | D:8      | Reached skill level 5 in Shields
  7134 | D:8      | Reached skill level 5 in Armour
  7136 | D:8      | HP: 3/75 [yak (10)]
  7140 | D:8      | Slain by a water moccasin

Illustrated notes

Levels and vault maps discovered:
D:1:      onia_arrival_mini_spirals, layout_rooms, cheibriados_altar_1
D:2:      layout_loops_corners
D:3:      layout_basic, lemuel_coloured_pillars_altar, uniq_natasha
D:4:      layout_rooms, grunt_gozag_statues, general_overflow_altar,
          temple_green
D:5:      layout_cave_pods, old_standard_altar, basic_altar, serial_shops, shop,
          gup_sewer_entry_bubbles
D:6:      layout_cave_pods, lemuel_doored_altar, zin_statuary,
          fedhas_altar_decomposition
D:7:      layout_loops_ring, marbit_many_paths, uniq_crazy_yiuf_cottage
D:8:      kennysheep_spiral_hall, layout_cave_pods, minmay_lair_entry_grove,
          uniq_maggie, uniq_prince_ribbit1
Temple:   nicolae_temple_god_jail

Skill      XL: |  1  2  3  4  5  6  7  8  9 |
---------------+----------------------------+-----
Axes           | 2 3 4 5 6 |  6.4
Necromancy     | 1 2 3 4 |  4.5
Armour         | 3 4 5 |  5.0
Shields        | 3 4 5 |  5.1
Evocations     | 1 2 3 4 |  4.0
Earth Magic    | 1 2 3 4 |  4.9
Fighting       | 4 5 6 |  6.1

Action                   |  1- 3 |  4- 6 |  7- 9 || total
-------------------------+-------+-------+-------++-------
Melee: War axe           |   133 |   154 |   395 ||   682
Evoke: Wand              |       |     2 |    11 ||    13
Armor: Scale mail        |    69 |    47 |       ||   116
       Plate armour      |       |    46 |   347 ||   393
Dodge: Dodged            |    46 |    42 |   110 ||   198
Block: Kite shield       |    62 |    92 |   262 ||   416
